 Dungeon Crawl Stone Soup version 0.19.5 (webtiles) character file.

573 Hybris the Firebug (level 7, 0/36 HPs)
             Began as a Deep Elf Fire Elementalist on Mar 23, 2017.
             Killed from afar by an orc wizard (9 damage)
             ... with a magic dart
             ... on level 4 of the Dungeon on Mar 24, 2017.
             The game lasted 00:18:21 (5098 turns).

Hybris the Firebug (Deep Elf Fire Elementalist)     Turns: 5098, Time: 00:18:22

Health: 0/36       AC:  2    Str:  5    XL:     7   Next: 12%
Magic:  1/16       EV: 18    Int: 22    God:
Gold:   173        SH:  0    Dex: 20    Spells: 5 memorised, 3 levels left

rFire  . . .     SeeInvis .     v - +0 dagger (elec)
rCold  + . .     Gourm    +     a - +0 robe
rNeg   . . .     Faith    .     (no shield)
rPois  .         Spirit   .     (no helmet)
rElec  .         Reflect  .     (no cloak)
rCorr  .         Harm     .     (no gloves)
MR     .....                    (no boots)
Stlth  +++.......               o - amulet of the gourmand
                                (no ring)
                                i - ring of protection from cold

@: agile, very slightly contaminated, hasted and slowed
A: no striking features
a: no special abilities


You were on level 4 of the Dungeon.
You were very full.

You visited 1 branch of the dungeon, and saw 4 of its levels.

You collected 173 gold pieces.

Inventory:

Hand Weapons
 v - a +0 dagger of electrocution (weapon)
Armour
 a - a +0 robe (worn)
Jewellery
 i - a ring of protection from cold (left hand)
 o - an amulet of the gourmand (around neck)
 w - an uncursed ring of protection from cold
Wands
 t - a wand of flame (22/48)
Scrolls
 d - 2 scrolls of amnesia
 g - 2 scrolls of teleportation
 h - a scroll of remove curse {unknown}
 j - 4 scrolls of identify {unknown}
 k - a scroll of enchant armour {unknown}
 l - a scroll of noise {unknown}
 s - a scroll of magic mapping {unknown}
 u - a scroll of blinking {unknown}
Potions
 e - a potion of brilliance {unknown}
 m - a potion of might {unknown}
 n - a potion of agility
 q - a potion of curing
 r - a potion of degeneration {unknown}
Books
 b - a book of Flames

   Spells                             Type                      Level
   a - Flame Tongue                   Conjuration/Fire             1
   b - Throw Flame                    Conjuration/Fire             2
   c - Conjure Flame                  Conjuration/Fire             3
   d - Inner Flame                    Hexes/Fire                   3
   e - Sticky Flame                   Conjuration/Fire             4
   f - Fireball                       Conjuration/Fire             5
Comestibles
 c - 2 bread rations
 f - a slice of pizza
 x - a meat ration


   Skills:
 - Level 2.4 Dodging
 - Level 2.4 Stealth
 + Level 5.1 Spellcasting
 * Level 5.0 Conjurations
 * Level 6.5 Fire Magic


You had 3 spell levels left.
You knew the following spells:

 Your Spells              Type           Power        Failure   Level  Hunger
a - Flame Tongue          Conj/Fire      ####.        1%          1    None
b - Throw Flame           Conj/Fire      ####..       1%          2    None
c - Conjure Flame         Conj/Fire      ####....     2%          3    ##.....
d - Inner Flame           Hex/Fire       ###.....     10%         3    ##.....
e - Sticky Flame          Conj/Fire      ####....     12%         4    ####...


Dungeon Overview and Level Annotations

Branches:
Dungeon (4/15)             Temple (0/1) D:4

Altars:
Fedhas


Message History

You open the door. The orc hits you with a war axe.
The orc wizard gestures at you while chanting.
You feel yourself slow down.
There is an open door here.
The orc hits you with a war axe.
* * * LOW HITPOINT WARNING * * *
You feel yourself speed up. The orc barely misses you.
It was a potion of agility.
You feel agile all of a sudden. The orc wizard closely misses you.
Casting: Flame Tongue
Confirm with . or Enter, or press ? or * to list all spells.
Aiming: Flame Tongue
Press: ? - help, Shift-Dir - straight line, f/p - orc wizard
Aim: an orc wizard, wielding a dagger and wearing a robe The flame tongue hits the orc wizard.
The orc wizard is lightly wounded.
The orc wizard casts a spell at you. The magic dart hits you!
You die...

..# #######)##
#.....#..#
#.....#..######
+..............
#.....#.#.####.
#.....'.# .#
####...oo#### #
#.......@...#
#.##........# #
###......#
#........#
#........#
#........#
###...)..#
.....###.)#
#########(.#


You could see an orc wizard and an orc.

Vanquished Creatures
  The ghost of Lucio the Chiller, an amateur MfIE (D:3)
  A phantom (D:4)
  A centaur skeleton (D:4)
  2 orc wizards (D:3)
  Ijyb (D:3)
  4 gnolls (D:4)
  6 adders
  A shadow imp (D:4)
  An ooze (D:3)
  2 worms
  5 leopard geckos
  10 orcs
  3 ball pythons
  A giant cockroach (D:3)
  3 hobgoblins
  3 jackals (D:3)
  2 quokkas (D:3)
  5 bats
  6 frilled lizards
  10 goblins
  7 kobolds
  10 rats
85 creatures vanquished.

Notes
Turn   | Place    | Note
-------+----------+-------------------------------------------
     0 | D:1      | Hybris the Deep Elf Fire Elementalist began the quest for the Orb.
     0 | D:1      | Reached XP level 1. HP: 10/10 MP: 6/6
   104 | D:1      | Reached XP level 2. HP: 15/15 MP: 1/8
   108 | D:1      | Learned a level 2 spell: Throw Flame
   430 | D:1      | Reached skill level 4 in Fire Magic
   564 | D:2      | Reached XP level 3. HP: 19/19 MP: 3/9
  2571 | D:3      | Noticed Lucio's ghost (amateur MfIE)
  2617 | D:2      | Reached XP level 4. HP: 17/24 MP: 0/11
  2897 | D:2      | Learned a level 3 spell: Conjure Flame
  2901 | D:2      | Learned a level 3 spell: Inner Flame
  2942 | D:3      | Killed Lucio's ghost
  2942 | D:3      | Reached skill level 5 in Fire Magic
  2942 | D:3      | Reached XP level 5. HP: 8/28 MP: 0/13
  3355 | D:3      | Found a blossoming altar of Fedhas.
  3366 | D:3      | Reached XP level 6. HP: 22/32 MP: 0/14
  3934 | D:3      | Learned a level 4 spell: Sticky Flame
  3938 | D:3      | Noticed Ijyb
  3950 | D:3      | Killed Ijyb
  3950 | D:3      | Reached skill level 6 in Fire Magic
  4856 | D:4      | Found a staircase to the Ecumenical Temple.
  4943 | D:4      | Reached skill level 5 in Spellcasting
  5075 | D:4      | Reached skill level 5 in Conjurations
  5075 | D:4      | Reached XP level 7. HP: 28/36 MP: 3/16
  5098 | D:4      | Killed from afar by an orc wizard

Skill      XL: |  1  2  3  4  5  6 |
---------------+-------------------+-----
Fire Magic     | 4 5 6 |  6.5
Conjurations   | 2 3 5 |  5.0
Spellcasting   | 4 5 |  5.1
Dodging        | |  2.4
Stealth        | |  2.4

Action                   |  1- 3 |  4- 6 |  7- 9 || total
-------------------------+-------+-------+-------++-------
Melee: Unarmed           |    10 |     1 |       ||    11
       Dagger            |       |     4 |     2 ||     6
 Cast: Flame Tongue      |    56 |    75 |     3 ||   134
       Throw Flame       |    14 |    18 |       ||    32
       Inner Flame       |       |     3 |     1 ||     4
       Conjure Flame     |       |     3 |       ||     3
       Sticky Flame      |       |     1 |       ||     1
  Use: Potion            |     3 |       |     2 ||     5
       Scroll            |     2 |       |       ||     2
  Eat: Chunk             |     5 |    10 |     1 ||    16
       Bread ration      |       |     1 |       ||     1
Armor: Robe              |     6 |    12 |       ||    18
Dodge: Dodged            |    29 |    36 |     3 ||    68
